 Dungeon Crawl Stone Soup version bcrawl-1.19.2-6-g6a88ae04c9 (webtiles) character file.

Game seed: 9614947410000818130

1568 Mrkan the Cudgeler (level 8, -6/51 HPs)
             Began as a Gargoyle Fighter on Dec 24, 2019.
             Was an Initiate of Makhleb.
             Killed by divine providence
             ... invoked by an orc priest
              (9 damage)
             ... on level 6 of the Dungeon.
             The game lasted 00:09:51 (6589 turns).

Mrkan the Cudgeler (Gargoyle Fighter)               Turns: 6589, Time: 00:09:52

Health: -6/51      AC: 18    Str: 22    XL:     8   Next: 90%
Magic:  8/8        EV:  5    Int:  8    God:    Makhleb [......]
Gold:   367        SH: 10    Dex: 10    Spells: 7/7 levels left

rFire    . . .     SeeInvis .   a - +0 flail
rCold    . . .     Gourm    .   c - +0 shield
rNeg     + . .     Faith    .   v - +0 plate armour
rPois    ∞         Spirit   .   (no helmet)
rElec    +         Reflect  .   (no cloak)
rCorr    .         Harm     .   (no gloves)
MR       .....                  (no boots)
Stlth    ..........             (no amulet)
HPRegen  0.17/turn              (no ring)
MPRegen  0.11/turn              (no ring)

@: no status effects
A: negative energy resistance 1, electricity resistance, unbreathing,
petrification resistance, rot immunity, AC +5
a: Renounce Religion


You were on level 6 of the Dungeon.
You worshipped Makhleb.
Makhleb was noncommittal.
You were not hungry.

You visited 2 branches of the dungeon, and saw 7 of its levels.
You also visited: Sewer.

You collected 521 gold pieces.
You spent 154 gold pieces at shops.

Inventory:

Hand Weapons
 a - a +0 flail (weapon)
 l - a cursed -1 flail
Armour
 c - a +0 shield (worn)
 v - a +0 plate armour (worn)
Jewellery
 m - an uncursed amulet of guardian spirit {unknown}
 n - an uncursed ring of resist corrosion {unknown}
 p - an uncursed ring of ice {unknown}
Wands
 k - a wand of polymorph (10)
Scrolls
 e - 6 scrolls of remove curse {unknown}
 g - a scroll of blinking {unknown}
 h - 6 scrolls of identify {unknown}
 r - 4 scrolls of teleportation {unknown}
 t - a scroll of enchant armour {unknown}
Potions
 b - 2 potions of flight {unknown}
 d - 2 potions of might
 i - a potion of invisibility {unknown}
 j - 2 potions of curing
 o - 2 potions of heal wounds
 q - 2 potions of haste {unknown}
 s - a potion of degeneration {unknown}
 u - a potion of lignification
 w - a potion of brilliance {unknown}
Comestibles
 f - 15 rations {!d}


   Skills:
 + Level 6.2 Fighting
 * Level 7.1 Maces & Flails
 + Level 6.2 Armour
 + Level 6.2 Shields
 + Level 0.0 Invocations


You had 7 spell levels left.
You didn't know any spells.
Your spell library was empty.

Dungeon Overview and Level Annotations

Branches:
Dungeon (6/12)             Temple (1/1) D:6

Altars:
Ashenzari
Cheibriados
Dithmenos
Elyvilon
Fedhas
Hepliaklqana
Kikubaaqudgha
Lugonu
Makhleb
Nemelex Xobeh
Okawaru
Qazlal
Ru
Sif Muna
Trog
Uskayaw
Vehumet
Wu Jian
Xom
Yredelemnul
Zin
The Shining One

Shops:
D:5 !


Innate Abilities, Weirdness & Mutations

You are resistant to torment.
Your stone body is resilient. (AC +5)
You are immune to poison.
You resist negative energy. (rN+)
You are resistant to electric shocks. (rElec)
You can survive without breathing.
You are immune to petrification.
You are immune to rotting.


Message History

You hit the orc warrior but do no damage.
The orc warrior is moderately wounded.
An orc priest comes into view. It is wielding a +0 flail.
You block the orc warrior's attack.
You thump the orc warrior!
The orc warrior is heavily wounded.
The orc warrior barely misses you.
The orc priest calls down the wrath of Beogh upon you.
Beogh smites you!
You hit the orc warrior.
The orc warrior is severely wounded.
You block the orc warrior's attack.
The orc priest invokes the aid of Beogh against you.
Beogh smites you!
* * * LOW HITPOINT WARNING * * *
You hit the orc warrior.
The orc warrior is almost dead.
The orc priest mumbles some strange prayers to Beogh against you.
Beogh smites you!
You die...

#### ......# ####
###...# ......# #...
...?..# ......#
#...#.#o...# ......
####..#.#o#..
##..#####....#.#@#.#
..........#...#.>o#
......>#####.#.#.#.#
.......##.....#.#.#..
..##+##...##...#.#...(.
### #.).##.........###
#...######...### #####
..## ..#


You could see an orc warrior and 2 orc priests.

Vanquished Creatures
  A crocodile (Sewer)
  A water moccasin (D:5)
  An ice beast (D:5)
  A sky beast (D:5)
  A necrophage (D:6)
  A phantom (D:6)
  3 ogres
  2 centaurs
  4 wights (D:5)
  A crimson imp (D:5)
  A jelly (D:5)
  A hound (D:5)
  2 orc wizards (D:5)
  A centaur skeleton (D:6)
  A worker ant (D:4)
  5 gnolls
  4 adders
  A shadow imp (D:5)
  2 oozes
  An adder skeleton (D:5)
  2 worms
  A dart slug (D:2)
  6 leopard geckos
  12 orcs
  4 ball pythons
  6 giant cockroaches
  8 goblins
  10 hobgoblins
  9 jackals
  10 kobolds
  A quokka (D:3)
  12 bats
  4 frilled lizards
  5 rats (D:1)
125 creatures vanquished.

Vanquished Creatures (others)
  5 toadstools (D:1)
5 creatures vanquished.

Grand Total: 130 creatures vanquished

Notes
Turn   | Place    | Note
-------+----------+-------------------------------------------
     0 | D:1      | Mrkan the Gargoyle Fighter began the quest for the Orb.
     0 | D:1      | Reached XP level 1. HP: 14/14 MP: 1/1
    40 | D:1      | Reached XP level 2. HP: 13/19 MP: 2/2
   481 | D:1      | Reached XP level 3. HP: 23/23 MP: 3/3
  1271 | D:2      | Found a faded altar of an unknown god.
  1374 | D:2      | Reached skill level 3 in Maces & Flails
  1485 | D:2      | Reached XP level 4. HP: 29/29 MP: 4/4
  2571 | D:3      | Reached XP level 5. HP: 21/33 MP: 5/5
  2768 | D:3      | Found a glowing drain.
  2780 | Sewer    | Entered a sewer
  2838 | Sewer    | Noticed a crocodile
  2855 | Sewer    | Killed a crocodile
  2855 | Sewer    | Reached skill level 4 in Maces & Flails
  2855 | Sewer    | Reached XP level 6. HP: 9/39 MP: 6/6
  3268 | D:3      | Found a stormy altar of Qazlal.
  4069 | D:4      | Reached XP level 7. HP: 26/44 MP: 7/7
  4544 | D:5      | Entered Level 5 of the Dungeon
  4554 | D:5      | Found Mirum's Distillery.
  4566 | D:5      | Reached skill level 5 in Maces & Flails
  4575 | D:5      | Bought a potion of heal wounds for 70 gold pieces
  4575 | D:5      | Bought a potion of curing for 42 gold pieces
  4575 | D:5      | Bought a potion of lignification for 42 gold pieces
  4657 | D:5      | Reached skill level 5 in Fighting
  4657 | D:5      | Reached skill level 5 in Shields
  4853 | D:5      | Reached skill level 5 in Armour
  5306 | D:5      | Found a shimmering blue altar of Sif Muna.
  5321 | D:5      | Reached XP level 8. HP: 41/50 MP: 8/8
  5400 | D:5      | Reached skill level 6 in Maces & Flails
  6250 | D:6      | Reached skill level 7 in Maces & Flails
  6361 | D:6      | Found a staircase to the Ecumenical Temple.
  6366 | Temple   | Entered the Ecumenical Temple
  6538 | Temple   | Became a worshipper of Makhleb the Destroyer
  6589 | D:6      | Killed from afar by an orc priest

Skill      XL: |  1  2  3  4  5  6  7  8 |
---------------+-------------------------+-----
Maces & Flails | 3 4 5 7 |  7.1
Fighting       | 4 5 6 |  6.2
Shields        | 4 5 6 |  6.2
Armour         | 4 5 6 |  6.2

Action                   |  1- 3 |  4- 6 |  7- 9 || total
-------------------------+-------+-------+-------++-------
Melee: Flail             |   147 |   247 |   267 ||   661
 Stab: Sleeping          |       |       |     1 ||     1
  Eat: Chunk             |     2 |     9 |     8 ||    19
Armor: Scale mail        |   126 |       |       ||   126
       Chain mail        |       |   191 |       ||   191
       Plate armour      |       |    41 |   161 ||   202
Dodge: Dodged            |    55 |    75 |    35 ||   165
Block: Shield            |   116 |   190 |   134 ||   440
